 Dungeon Crawl Stone Soup version 0.26-a0-489-g112e8ad46e (webtiles) character file.

Game seed: 2009785752426716728

28710 Devinter the Zephyrmancer (level 13, -1/113 HPs)
             Began as a Black Draconian Air Elementalist on Mar 15, 2020.
             Was a Believer of Ru.
             Killed from afar by a manticore (14 damage)
             ... with a volley of spikes
             ... on level 4 of the Lair of Beasts on Aug 3, 2020.
             The game lasted 02:08:41 (19273 turns).

Devinter the Zephyrmancer (DrAE)                   Turns: 19273, Time: 02:08:42

Health: -1/113     AC: 13    Str: 11    XL:     13   Next: 11%
Magic:  2/29       EV: 15    Int: 21    God:    Ru [**....]
Gold:   907        SH: 11    Dex: 17    Spells: 13/32 levels left

rFire    . . .     SeeInvis .   u - +9 staff of Olgreb {rPois∞}
rCold    . . .     Faith    .   I - +0 buckler
rNeg     . . .     Spirit   .   (armour unavailable)
rPois    ∞         Reflect  +   (helmet restricted)
rElec    +         Harm     .   W - +1 cloak "Ytruo" {Slay+3}
rCorr    .                      (no gloves)
MR       +....                  A - +2 pair of boots
Stlth    ..........             i - amulet of reflection
HPRegen  0.28/turn              V - ring of protection from magic
MPRegen  0.21/turn              S - +6 ring of dexterity

@: mighty, barbed spikes
A: breathe lightning, unfitting armour, high mp 1, electricity resistance, wild
magic 1, cold-blooded, no stealth, hated by all, AC +8
a: Breathe Lightning, Renounce Religion


You were on level 4 of the Lair of Beasts.
You worshipped Ru.
Ru was pleased with you.
You visited 3 branches of the dungeon, and saw 15 of its levels.
You also visited: Ossuary and Gauntlet.

You collected 907 gold pieces.

Inventory:

Hand Weapons
 u - the +9 staff of Olgreb (weapon) {rPois∞}
   (You found it on level 6 of the Dungeon)

   It grants immunity to poison.
 F - a +4 quarterstaff of chaos
 X - the +10 spear of Roungehe {speed, Str+4}
   (You found it in a Gauntlet)

   Attacks with this weapon are significantly faster.
   It affects your strength (+4).
Missiles
 a - 156 arrows
 c - 4 javelins
 d - 16 silver javelins
 y - 152 bolts
 R - 2 throwing nets (quivered)
Armour
 A - a +2 pair of boots (worn)
 I - a +0 buckler (worn)
 W - the +1 cloak "Ytruo" (worn) {Slay+3}
   (You found it in a Gauntlet)

   It affects your accuracy and damage with ranged weapons and melee attacks
   (+3).
Magical Staves
 f - an uncursed staff of wizardry {unknown}
 o - a cursed staff of earth {unknown}
 J - an uncursed staff of wizardry {unknown}
Jewellery
 i - an amulet of reflection (around neck)
 l - an uncursed ring of positive energy
 K - an uncursed ring of see invisible
 Q - an uncursed ring of resist corrosion
 S - a +6 ring of dexterity (right hand)
 V - a ring of protection from magic (left hand)
Wands
 j - a wand of flame (19)
 B - a wand of iceblast (17)
 L - a wand of digging (1)
 M - a wand of acid (12)
 N - a wand of disintegration (40)
 T - a wand of random effects (12)
 U - a wand of paralysis (31)
Scrolls
 e - 2 scrolls of amnesia
 k - 15 scrolls of remove curse {unknown}
 m - a scroll of blinking
 n - 4 scrolls of fear
 p - 4 scrolls of teleportation
 q - 6 scrolls of enchant armour
 r - 2 scrolls of magic mapping
 w - 3 scrolls of fog {unknown}
 x - 4 scrolls of enchant weapon {unknown}
 E - a scroll of holy word {unknown}
 Y - a scroll of summoning {unknown}
 Z - a scroll of identify
Potions
 g - 5 potions of stabbing
 h - 4 potions of mutation
 s - 5 potions of haste
 C - 3 potions of invisibility
 D - 3 potions of flight
 G - a potion of brilliance
 H - 4 potions of curing
 P - 2 potions of lignification
Miscellaneous
 v - a phial of floods
 O - a lightning rod (2/4)
Comestibles
 b - 17 removed foods


   Skills:
 * Level 9.9 Fighting
 * Level 7.4 Staves
 - Level 5.0 Dodging
 - Level 5.0 Shields
 - Level 10.0 Spellcasting
 + Level 6.2 Conjurations
 - Level 6.0 Translocations
 + Level 12.5 Air Magic
 - Level 5.0 Evocations


You had 13 spell levels left.
You knew the following spells:

 Your Spells              Type           Power        Failure   Level
b - Swiftness             Air            ######..     1%          2
c - Static Discharge      Conj/Air       ######..     1%          3
d - Airstrike             Air            ######....   1%          4
e - Lightning Bolt        Conj/Air       ######....   6%          5
f - Mephitic Cloud        Conj/Pois/Air  ######..     3%          3
g - Blink                 Tloc           N/A          1%          2

Your spell library contained the following spells:

 Spells                   Type           Power        Failure   Level
 Apportation              Tloc           #####.       1%          1
 Magic Dart               Conj           ####         1%          1
 Shock                    Conj/Air       ####         1%          1
 Foxfire                  Conj/Fire      ####         3%          1
 Conjure Flame            Conj/Fire      ####....     9%          3
 Corona                   Hex            ##.....      10%         1
 Slow                     Hex            ##......     14%         2
 Inner Flame              Hex/Fire       ##......     26%         3
 Sticky Flame             Conj/Fire      ####....     26%         4
 Fireball                 Conj/Fire      ####......   54%         5
 Animate Skeleton         Necr           Unusable     N/A         1
 Summon Small Mammal      Summ           Unusable     N/A         1
 Call Imp                 Summ           Unusable     N/A         2
 Summon Ice Beast         Ice/Summ       Unusable     N/A         4
 Dragon's Call            Summ           Unusable     N/A         9

Dungeon Overview and Level Annotations

Branches:
Dungeon (10/15)            Temple (1/1) D:5            Lair (4/6) D:10
  Swamp (0/4) Lair:4        Snake (0/4) Lair:2      Ossuary (visited)
Gauntlet (visited)
    Orc: D:9-12

Altars:
Ashenzari
Cheibriados
Dithmenos
Elyvilon
Fedhas
Gozag
Hepliaklqana
Kikubaaqudgha
Makhleb
Nemelex Xobeh
Okawaru
Qazlal
Ru
Sif Muna
Trog
Uskayaw
Vehumet
Wu Jian
Xom
Yredelemnul
Zin
The Shining One

Shops:
D:3 *

Annotations:
D:3 Sigmund
D:10 exclusion: orange crystal statue
Lair:3 exclusion: downstairs


Innate Abilities, Weirdness & Mutations

You can breathe wild blasts of lightning.
Your glossy black scales are hard. (AC +8)
You cannot fit into any form of body armour.
You are resistant to electric shocks. (rElec)
You are cold-blooded and may be slowed by cold attacks.
You cannot be stealthy.
You are hated by all.
You have an increased reservoir of magic. (+10% MP)
Your spells are a little harder to cast, but a little more powerful.


Message History

Unknown command.
Casting: Blink (safe; 1% risk of failure)
Confirm with . or Enter, or press ? or * to list all spells.
You blink.
* * * LOW MAGIC WARNING * * *
The manticore flicks its tail.
The volley of spikes hits you!
The barbed spikes become lodged in your body.
* * * LOW HITPOINT WARNING * * *
Evoke which item? (* to show all) (? for menu, Esc to quit)
Aiming: Thunderbolt
Press: ? - help, Shift-Dir - straight line, f/p - catoblepas
Aim: a catoblepas (almost dead, very poisoned)
The thunderbolt hits the catoblepas!
You kill the catoblepas!
You have got your breath back.
The manticore flicks its tail.
The volley of spikes hits you!
The barbed spikes become lodged in your body.
You die...

##...# #PP.# ##.. #..P.# #...#
####.. # ###...[# #...# ##..... #
###.#.P.P# ##...# ####......
###.......#####...######.P.......
##....###.#...##.##H$.#..........
......##..#.?≈≈#'#≈≈§.##.P.......
P..#...#P.#.≈..≈.≈†.≈.####......#
#......##.##≈...@...≈### ###...##
#......##..##≈.≈≈≈.≈##.#####..###
P..._.......#..≈<≈..#...##P.....#
#......##..##≈.≈≈≈.≈##...........
##......####≈.......≈###.#...#...
####...# #.≈..≈.≈..≈.########..#
#..####./≈≈#+#≈≈(.# #..P
##..P##...##.##...##### #...
#....#####...#####[..# ##..P


You could see a manticore.

Vanquished Creatures
  A stone giant (D:10)
  A minotaur (Gauntlet)
  2 hydras (Lair:1)
  2 catoblepae (Lair:4)
  A two-headed ogre (D:7)
  2 thrashing horrors (Gauntlet)
  A manticore (Lair:4)
  A moth of wrath (Gauntlet)
  A black mamba (Lair:4)
  An ice statue (D:10)
  9 cane toads
  3 komodo dragons
  A rime drake (Lair:4)
  Grinder (D:5)
  A hornet (D:9)
  A bog body (Lair:4)
  2 hippogriffs (Lair:2)
  14 blink frogs
  20 yaks
  A basilisk (Lair:3)
  A neqoxec (Gauntlet)
  A steam dragon (Lair:4)
  A chaos spawn (Gauntlet)
  3 nagas (Lair:2)
  3 soldier ants (D:6)
  14 water moccasins
  12 porcupines
  6 ice beasts
  A hornet zombie (D:8)
  2 orc warriors
  A black bear (D:10)
  6 wolves (Gauntlet)
  2 phantoms
  6 ogres
  4 small abominations (Gauntlet)
  3 centaurs
  12 crocodiles
  4 elf zombies (Ossuary)
  13 bullfrogs
  4 scorpions
  10 killer bees
  3 crimson imps
  A bullfrog zombie (D:5)
  A quasit (D:5)
  2 centaur skeletons
  2 hounds
  A bullfrog skeleton (D:6)
  6 centaur zombies
  2 gnoll shamans
  6 orc priests
  3 human zombies (Ossuary)
  3 jellies (D:9)
  Crazy Yiuf (D:7)
  3 iguanas
  11 worker ants
  5 orc wizards
  2 hound zombies
  4 mummies
  A worker ant zombie (D:5)
  9 gnolls
  11 adders
  A shadow imp (D:7)
  5 oozes (D:9)
  An adder zombie (D:5)
  2 worms (D:2)
  2 dart slugs
  4 leopard geckos
  28 orcs
  2 ball pythons
  5 giant cockroaches
  8 hobgoblins
  6 jackals
  6 kobolds
  5 quokkas
  4 bats
  5 frilled lizards
  A giant cockroach zombie (D:5)
  10 goblins
  A kobold zombie (D:8)
  An orc zombie (D:8)
  8 rats
  2 fungi
  A plant (Lair:4)
360 creatures vanquished.

Vanquished Creatures (collateral kills)
  A killer bee (D:6)
1 creature vanquished.

Vanquished Creatures (others)
  A cane toad (Lair:2)
  A killer bee (D:6)
  18 fungi
  4 plants
24 creatures vanquished.

Grand Total: 385 creatures vanquished

Notes
Turn   | Place    | Note
-------+----------+-------------------------------------------
     0 | D:1      | Devinter the Draconian Air Elementalist began the quest for
                  | the Orb.
     0 | D:1      | Reached XP level 1. HP: 14/14 MP: 3/3
   431 | D:1      | Reached skill level 2 in Stealth
   442 | D:1      | Reached skill level 2 in Dodging
   443 | D:1      | Reached XP level 2. HP: 15/20 MP: 0/5
   584 | D:1      | Learned a level 2 spell: Swiftness
  1214 | D:1      | Reached skill level 2 in Conjurations
  1216 | D:1      | Reached XP level 3. HP: 25/26 MP: 1/6
  1587 | D:2      | Learned a level 3 spell: Static Discharge
  1664 | D:2      | Found an iron altar of Okawaru.
  1664 | D:2      | Found a snail-covered altar of Cheibriados.
  1664 | D:2      | Found a stormy altar of Qazlal.
  2023 | D:2      | Reached skill level 3 in Spellcasting
  2055 | D:2      | Reached XP level 4. HP: 24/33 MP: 1/8
  2090 | D:2      | Found a shimmering altar of Xom.
  2363 | D:3      | Found Gozag's Platinum Reserve.
  2385 | D:3      | Found an opulent altar of Gozag.
  2440 | D:3      | Reached skill level 3 in Conjurations
  2755 | D:3      | Noticed a +0 dagger
  2755 | D:3      | Noticed a +0 dagger
  2756 | D:3      | Found a hide-covered altar of Uskayaw.
  2767 | D:3      | Reached XP level 5. HP: 38/38 MP: 10/10
  2920 | D:3      | Noticed Sigmund
  3282 | D:4      | Reached skill level 1 in Fighting
  3315 | D:4      | Reached skill level 4 in Spellcasting
  3652 | D:4      | Reached XP level 6. HP: 47/47 MP: 8/12
  3770 | D:4      | Reached skill level 2 in Fighting
  3966 | D:4      | Reached skill level 4 in Conjurations
  3974 | D:4      | Learned a level 4 spell: Airstrike
  4113 | D:4      | Found a shadowy altar of Dithmenos.
  4253 | D:4      | Reached skill level 4 in Air Magic
  4471 | D:5      | Entered Level 5 of the Dungeon
  4530 | D:5      | Your scales start taking on a glossy black colour.
  4530 | D:5      | Reached skill level 5 in Air Magic
  4530 | D:5      | Reached XP level 7. HP: 41/55 MP: 5/14
  4530 | D:5      | Gained mutation: You are resistant to electric shocks.
                  | (rElec) [Black Draconian growth]
  4866 | D:5      | Reached skill level 6 in Air Magic
  4904 | D:5      | Found a sparkling altar of Nemelex Xobeh.
  4938 | D:5      | Reached skill level 5 in Spellcasting
  5032 | D:5      | Found a staircase to the Ecumenical Temple.
  5050 | Temple   | Entered the Ecumenical Temple
  5148 | Temple   | Became a worshipper of Ru the Awakened
  5343 | D:5      | Found a shadowy altar of Dithmenos.
  5514 | D:5      | Reached skill level 3 in Fighting
  5597 | D:5      | Noticed Grinder
  5607 | D:5      | Killed Grinder
  5607 | D:5      | Reached skill level 7 in Air Magic
  5607 | D:5      | Reached XP level 8. HP: 47/66 MP: 1/16
  5952 | D:6      | Reached skill level 4 in Fighting
  6034 | D:6      | Reached skill level 6 in Spellcasting
  6111 | D:6      | Reached skill level 8 in Air Magic
  6346 | D:6      | Found a runed translucent gate.
  6346 | D:6      | Found a runed translucent gate.
  6346 | D:6      | Found a runed translucent door.
  6353 | D:6      | Found the +9 staff of Olgreb {rPois∞}
  6356 | D:6      | Found a runed translucent door.
  6377 | D:6      | Found a runed translucent gate.
  6445 | D:6      | Learned a level 5 spell: Lightning Bolt
  6452 | D:6      | Reached skill level 5 in Fighting
  6474 | D:6      | HP: 6/68 [poisoned by a water moccasin]
  6814 | D:6      | Gained mutation: You cannot be stealthy. [Ru sacrifice]
  6814 | D:6      | Reduced skill Stealth to level 0
  6860 | D:6      | Reached skill level 9 in Air Magic
  6860 | D:6      | Reached XP level 9. HP: 74/74 MP: 9/19
  7117 | D:6      | Reached skill level 7 in Spellcasting
  7396 | D:6      | Reached skill level 6 in Fighting
  7430 | D:6      | HP: 7/75 [poisoned by a killer bee]
  7435 | D:6      | HP: 4/75 [poisoned by a killer bee]
  7440 | D:6      | HP: 2/75 [poisoned by a killer bee]
  7445 | D:6      | HP: 2/75 [poisoned by a killer bee]
  7452 | D:6      | HP: 1/75 [poisoned by a killer bee]
  7460 | D:6      | HP: 1/75 [poisoned by a killer bee]
  7958 | D:6      | Reached skill level 10 in Air Magic
  7971 | D:6      | Upgraded the game from 0.25-a0-597-gb30770a0c0 to
                  | 0.26-a0-489-g112e8ad46e
  8106 | D:7      | Reached skill level 1 in Staves
  8106 | D:7      | Reached skill level 1 in Evocations
  8290 | D:7      | Reached skill level 2 in Staves
  8290 | D:7      | Reached skill level 2 in Evocations
  8296 | D:7      | Reached skill level 8 in Spellcasting
  8443 | D:7      | Reached skill level 3 in Staves
  8443 | D:7      | Reached skill level 3 in Evocations
  8745 | D:7      | Reached XP level 10. HP: 69/83 MP: 10/22
  8919 | D:7      | Noticed a two-headed ogre
  8924 | D:7      | Killed a two-headed ogre
  9215 | D:7      | Reached skill level 4 in Staves
  9215 | D:7      | Reached skill level 4 in Evocations
  9602 | D:7      | Found a runed translucent door.
  9603 | D:7      | Noticed Crazy Yiuf
  9607 | D:7      | Killed Crazy Yiuf
  9785 | D:8      | Found a sand-covered staircase.
  9806 | Ossuary  | Entered an ossuary
 10064 | Ossuary  | Reached skill level 5 in Conjurations
 10760 | D:8      | Reached skill level 5 in Staves
 10760 | D:8      | Reached skill level 5 in Evocations
 10863 | D:8      | Gained mutation: You are hated by all. [Ru sacrifice]
 10863 | D:8      | Reached * piety under Ru
 10863 | D:8      | Reached ** piety under Ru
 10974 | D:8      | Reached skill level 11 in Air Magic
 11194 | D:9      | Found a radiant altar of Vehumet.
 11196 | D:9      | Found a blossoming altar of Fedhas.
 11249 | D:9      | Found a hazy altar of Hepliaklqana.
 11356 | D:9      | Reached skill level 1 in Shields
 11534 | D:9      | Found an ornate altar of the Wu Jian Council.
 11681 | D:9      | Reached skill level 2 in Shields
 11772 | D:10     | Entered Level 10 of the Dungeon
 11850 | D:10     | Found a staircase to the Lair.
 12089 | D:10     | Learned a level 3 spell: Mephitic Cloud
 12092 | D:10     | Learned a level 2 spell: Blink
 12272 | D:10     | Reached XP level 11. HP: 75/89 MP: 12/23
 12274 | D:10     | Reached skill level 6 in Conjurations
 12275 | D:10     | Reached skill level 3 in Shields
 12280 | D:10     | Reached skill level 1 in Translocations
 12527 | D:10     | Noticed an orange crystal statue
 12529 | D:10     | Noticed a stone giant
 12560 | D:10     | Killed a stone giant
 12560 | D:10     | Reached skill level 3 in Dodging
 12560 | D:10     | Reached skill level 4 in Shields
 13039 | D:10     | Reached skill level 2 in Translocations
 13269 | D:10     | Noticed a centaur warrior
 13827 | Lair:1   | Entered Level 1 of the Lair of Beasts
 13836 | Lair:1   | Noticed a four-headed hydra
 13848 | Lair:1   | Killed a four-headed hydra
 13855 | Lair:1   | Reached skill level 5 in Shields
 14063 | Lair:1   | Reached skill level 3 in Translocations
 14074 | Lair:1   | Reached skill level 4 in Dodging
 14078 | Lair:1   | Noticed a six-headed hydra
 14385 | Lair:1   | Reached skill level 12 in Air Magic
 14391 | Lair:1   | Killed a six-headed hydra
 14391 | Lair:1   | Reached skill level 4 in Translocations
 14741 | Lair:1   | Reached skill level 5 in Dodging
 15202 | Lair:1   | Reached skill level 5 in Translocations
 15669 | Lair:2   | Reached XP level 12. HP: 49/97 MP: 7/24
 15766 | Lair:1   | Reached skill level 7 in Fighting
 15838 | Lair:2   | Reached skill level 6 in Translocations
 15878 | Lair:2   | Found a gate leading to a gauntlet.
 15893 | Gauntlet | Entered a Gauntlet
 15893 | Gauntlet | Found a transporter.
 15893 | Gauntlet | Found a transporter.
 16112 | Gauntlet | Found a transporter.
 16115 | Gauntlet | Found a transporter.
 16124 | Gauntlet | Found a transporter.
 16126 | Gauntlet | Found a transporter.
 16134 | Gauntlet | Found a transporter.
 16149 | Gauntlet | Found a large runed translucent door.
 16150 | Gauntlet | Found a large runed translucent door.
 16151 | Gauntlet | Found a large runed translucent door.
 16151 | Gauntlet | Found a large runed translucent door.
 16152 | Gauntlet | Found a runed translucent gate.
 16153 | Gauntlet | Found a transporter.
 16153 | Gauntlet | Found a runed translucent gate.
 16154 | Gauntlet | Found a large runed translucent door.
 16154 | Gauntlet | Found a large runed translucent door.
 16154 | Gauntlet | Found a runed translucent door.
 16155 | Gauntlet | Found a large runed translucent door.
 16156 | Gauntlet | Found a large runed translucent door.
 16158 | Gauntlet | Found a transporter.
 16161 | Gauntlet | Found a transporter.
 16162 | Gauntlet | Noticed a catoblepas
 16171 | Gauntlet | Found a transporter.
 16184 | Gauntlet | Found a transporter.
 16222 | Gauntlet | Found a large runed translucent door.
 16223 | Gauntlet | Found a large runed translucent door.
 16224 | Gauntlet | Found a large runed translucent door.
 16224 | Gauntlet | Found a large runed translucent door.
 16224 | Gauntlet | Found a runed translucent door.
 16225 | Gauntlet | Found a large runed translucent door.
 16226 | Gauntlet | Found a large runed translucent door.
 16227 | Gauntlet | Found a large runed translucent door.
 16227 | Gauntlet | Found a large runed translucent door.
 16228 | Gauntlet | Found a runed translucent gate.
 16299 | Gauntlet | Gained mutation: You are frail. (-10% HP) [a neqoxec]
 16345 | Gauntlet | Reached skill level 9 in Spellcasting
 16349 | Gauntlet | Reached skill level 8 in Fighting
 16368 | Gauntlet | Identified Wuotal's Reference Book on Companions
 16615 | Gauntlet | Got a bloodstained cloak
 16619 | Gauntlet | Got a slimy spear
 16621 | Gauntlet | Identified the +1 cloak "Ytruo" {Slay+3} (You found it in a
                  | Gauntlet)
 16633 | Gauntlet | Identified the +10 spear of Roungehe {speed, Str+4} (You
                  | found it in a Gauntlet)
 16809 | Gauntlet | Noticed a minotaur
 16820 | Gauntlet | Killed a minotaur
 16820 | Gauntlet | Reached skill level 10 in Spellcasting
 17343 | Lair:2   | Found a staircase to the Snake Pit.
 17585 | Lair:3   | Reached skill level 6 in Staves
 17794 | Lair:3   | Reached skill level 9 in Fighting
 18584 | Lair:4   | Noticed a catoblepas
 18584 | Lair:4   | Noticed a catoblepas
 18656 | Lair:4   | Reached skill level 7 in Staves
 18800 | Lair:4   | Lost mutation: You are frail. (-10% HP) [potion of
                  | mutation]
 18800 | Lair:4   | Gained mutation: You are occasionally teleported next to
                  | monsters. [potion of mutation]
 18800 | Lair:4   | Gained mutation: You are clumsy. (Dex -2) [potion of
                  | mutation]
 18800 | Lair:4   | Gained mutation: Your flesh is heat resistant. (rF+)
                  | [potion of mutation]
 18801 | Lair:4   | Lost mutation: Your flesh is heat resistant. (rF+) [potion
                  | of mutation]
 18801 | Lair:4   | Lost mutation: You are clumsy. (Dex -2) [potion of
                  | mutation]
 18801 | Lair:4   | Lost mutation: You are occasionally teleported next to
                  | monsters. [potion of mutation]
 18801 | Lair:4   | Gained mutation: Your spells are a little harder to cast,
                  | but a little more powerful. [potion of mutation]
 18801 | Lair:4   | Gained mutation: You have an increased reservoir of magic.
                  | (+10% MP) [potion of mutation]
 18815 | Lair:4   | Found a shadowy altar of Dithmenos.
 19004 | Lair:4   | Reached XP level 13. HP: 109/112 MP: 29/29
 19021 | Lair:4   | Found a staircase to the Swamp.
 19265 | Lair:4   | HP: 10/113 [catoblepas (21)]
 19273 | Lair:4   | Killed from afar by a manticore

Illustrated notes

Levels and vault maps discovered:
D:1:      sevenhm_arrival_forest_fort_large_2, layout_basic, minivault_5,
          minmay_cupped
D:2:      layout_rooms, xom_butterflies, gammafunk_temple_overflow_claw,
          first_ration
D:3:      layout_basic, nicolae_gozag_zags_fifth_avenue,
          dancing_weapons_uskayaw, uniq_sigmund
D:4:      layout_loops_ring, grunt_dithmenos_smoke_and_mirrors
D:5:      kb_forest_paths, layout_basic, lemuel_doored_altar,
          nemelex_altar_shiori, minmay_temple_entry_overgrown,
          serial_corexii_hall, chequers_hall_statues_y, corexii_hall_statues_i,
          corexii_hall_statues_u, chequers_hall_statues_corner_a,
          minmay_misc_feat_more_columns, minmay_misc_feat_hallway,
          minmay_misc_feat_rows, uniq_grinder
D:6:      layout_loops_ring, minmay_guarded_unrand_staff_of_olgreb
D:7:      layout_loops_ring, uniq_crazy_yiuf_cottage
D:8:      layout_gridville, nicolae_ossuary_entry_giza
D:9:      layout_basic, lemuel_round_altar, nicolae_overflow_crystal_walls,
          grunt_temple_overflow_open, hangedman_little_slice_of_home
D:10:     minmay_separated_statues, layout_long_grid,
          due_lair_maze_entry_diamond, kennysheep_just_a_vault
Temple:   cyrus_temple_forest
Lair:1:   layout_long_grid, grunt_megastairs_4
Lair:2:   layout_roguey, minmay_snake_entry_guardpost_small,
          gauntlet_entry_generic, beast_lair_carwin_3
Lair:3:   layout_roguey
Lair:4:   nzn_motion_control, layout_loops_ring, skrybe_swamp_entry_bodies,
          basic_altar, grunt_forest_small_clearings

Skill      XL: |  1  2  3  4  5  6  7  8  9 10 11 12 |
---------------+-------------------------------------+-----
Stealth        | 2 0 |  0.0
Dodging        | 2 5 |  5.0
Conjurations   | 2 3 4 5 6 |  6.2
Spellcasting   | 3 4 5 6 8 10 | 10.0
Fighting       | 1 2 3 5 6 9 |  9.9
Air Magic      | 5 7 9 10 11 12 | 12.5
Staves         | 3 5 7 |  7.4
Evocations     | 3 5 |  5.0
Shields        | 2 5 |  5.0
Translocations | 5 6 |  6.0

Action                   |  1- 3 |  4- 6 |  7- 9 | 10-12 | 13-15 || total
-------------------------+-------+-------+-------+-------+-------++-------
Melee: Mace              |    94 |   121 |   163 |       |       ||   378
       Tailslap          |     6 |    11 |    19 |    65 |     5 ||   106
       Staff             |       |       |    53 |   477 |    13 ||   543
 Cast: Shock             |    27 |    73 |   106 |     8 |       ||   214
       Static Discharge  |     3 |     5 |    15 |    52 |       ||    75
       Airstrike         |       |       |    16 |    59 |     4 ||    79
       Lightning Bolt    |       |       |     4 |    44 |       ||    48
       Swiftness         |       |       |     1 |     1 |       ||     2
       Mephitic Cloud    |       |       |       |     9 |     2 ||    11
       Blink             |       |       |       |     3 |     3 ||     6
Invok: Sacrifice Stealth |       |       |     1 |       |       ||     1
       Sacrifice Love    |       |       |       |     1 |       ||     1
       Reject Sacrifices |       |       |       |     1 |     1 ||     2
 Abil: Breathe Lightning |       |       |     2 |    23 |     2 ||    27
Evoke: Wand              |       |     1 |     4 |    23 |       ||    28
       Lightning rod     |       |       |       |     9 |     2 ||    11
       Staff of Olgreb   |       |       |       |     8 |       ||     8
  Use: Scroll            |       |       |     6 |    13 |       ||    19
       Potion            |       |       |     4 |     3 |     3 ||    10
 Stab: Sleeping          |       |     1 |       |       |       ||     1
       Distracted        |       |       |     1 |       |       ||     1
       Confused          |       |       |       |     7 |       ||     7
  Eat: Removed food      |     3 |     8 |     4 |       |       ||    15
       Removed food      |       |       |     3 |       |       ||     3
Armor: Skin              |    39 |    63 |   142 |   132 |     6 ||   382
Dodge: Dodged            |    80 |    84 |   224 |   229 |    13 ||   630
Block: Other             |     1 |    11 |    35 |    37 |       ||    84
       Reflection        |       |       |     1 |       |       ||     1
       Buckler           |       |       |       |   136 |     7 ||   143

Table legend: (Time is in decaauts)
 A = Elapsed time spent in this place.
 B = Non-inter-level travel time spent in this place.
 C = Inter-level travel time spent in this place.
 D = Time resting spent in this place.
 E = Time spent auto-exploring this place.
 F = Levels seen in this place.
 G = Mean time per level.
                   A        B        C        D        E       F      G
               +--------+--------+--------+--------+--------+-----+--------+
         Total |  19392 |  19015 |    377 |   6410 |   3667 |  17 | 1140.7 |
       Dungeon |  13630 |  13332 |    298 |   4267 |   2855 |  10 | 1363.0 |
        Temple |    120 |    120 |      0 |      0 |      0 |   1 |  120.0 |
          Lair |   3845 |   3766 |     79 |    922 |    812 |   4 |  961.2 |
       Ossuary |    673 |    673 |      0 |    460 |      0 |   1 |  673.0 |
      Gauntlet |   1121 |   1121 |      0 |    761 |      0 |   1 | 1121.0 |
               +--------+--------+--------+--------+--------+-----+--------+

Top non-repeatable levels by time:
    D:10: 2519 daAuts
     D:7: 1667 daAuts
  Lair:1: 1333 daAuts
Gauntlet: 1121 daAuts
  Lair:3: 1069 daAuts
  Lair:2: 801 daAuts
     D:9: 694 daAuts
 Ossuary: 673 daAuts
  Lair:4: 641 daAuts
     D:8: 640 daAuts
     D:6: 125 daAuts
Note: time per level data comes from an upgraded game and may be incomplete.
